 Dungeon Crawl Stone Soup version 0.21.1-1-g345015f (webtiles) character file.

4859 tidbits the Martial Artist (level 10, -2/76 HPs)
             Began as a Gnoll Transmuter on Mar 16, 2018.
             Was a Priest of Cheibriados.
             Shot with an arrow by a centaur (7 damage)
             ... on level 11 of the Dungeon.
             The game lasted 00:31:12 (2700 turns).

tidbits the Martial Artist (Gnoll Transmuter)       Turns: 2700, Time: 00:31:13

Health: -2/76      AC:  2    Str: 20    XL:     10   Next: 50%
Magic:  18/21      EV: 36    Int: 27    God:    Cheibriados [***...]
Gold:   317        SH:  0    Dex: 34    Spells: 8/23 levels left

rFire    . . .     SeeInvis .     - Unarmed
rCold    . . .     Gourm    .   (shield currently unavailable)
rNeg     . . .     Faith    .   (armour currently unavailable)
rPois    x         Spirit   .   (helmet currently unavailable)
rElec    .         Reflect  .   (cloak currently unavailable)
rCorr    .         Harm     .   (gloves currently unavailable)
MR       .....                  (boots currently unavailable)
Stlth    +++++.....             (no amulet)
HPRegen  0.22/turn              (no ring)
MPRegen  0.17/turn              (no ring)

@: agile, spider-form, very slow
A: tiny, distributed training, strong nose
a: End Transformation, Bend Time, Temporal Distortion, Renounce Religion


You were on level 11 of the Dungeon.
You worshipped Cheibriados.
Cheibriados was most pleased with you.
You were hungry.
You were a venomous arachnid creature.
You visited 1 branch of the dungeon, and saw 11 of its levels.

You collected 317 gold pieces.

Inventory:

Hand Weapons
 b - a +0 dagger
 l - a +0 dagger
 n - a +0 shortbow
 A - a +3 flail of protection
   (You took it off a gnoll on level 8 of the Dungeon)
 H - a +2 trident of venom
   (You found it on level 7 of the Dungeon)
 K - a +0 hand crossbow
 L - a +2 dagger of venom
   (You took it off an orc wizard on level 9 of the Dungeon)
 O - a cursed -1 blowgun
 Q - a +3 dire flail of freezing
   (You took it off a wight on level 10 of the Dungeon)
 R - a +0 great sword
Missiles
 a - 32 arrows
 g - 37 bolts
 i - 141 stones
 q - 9 tomahawks
 u - 44 sling bullets
 w - 5 javelins (quivered)
 N - 5 exploding tomahawks
 P - 13 poisoned needles
Armour
 f - a +0 ring mail
 h - a +0 leather armour
 B - a +0 robe (melded)
 F - a +0 pair of boots (melded)
 G - a +0 pair of gloves (melded)
Wands
 j - a wand of acid (3)
Scrolls
 k - 2 scrolls of enchant weapon
 m - a scroll of amnesia
 o - 2 scrolls of teleportation
 p - a scroll of enchant armour
 r - 7 scrolls of remove curse
 s - 3 scrolls of immolation
 x - 2 scrolls of magic mapping
 y - 2 scrolls of torment
 z - 2 scrolls of fear
 I - a scroll of blinking {unknown}
 M - a scroll of noise {unknown}
Potions
 t - 2 potions of flight
 C - a potion of degeneration {unknown}
 D - a potion of curing
 J - 2 potions of mutation {unknown}
Books
 d - a book of Changes

   Spells                             Type                      Level
   a - Beastly Appendage              Transmutation                1
   b - Sticks to Snakes               Transmutation                2
   c - Spider Form                    Transmutation/Poison         3
   d - Ice Form                       Ice/Transmutation            4
   e - Blade Hands                    Transmutation                5
 E - a book of Maledictions
   (You found it on level 10 of the Dungeon)

   Spells                             Type                      Level
   a - Corona                         Hexes                        1
   b - Ensorcelled Hibernation        Hexes/Ice                    2
   c - Confuse                        Hexes                        3
   d - Tukima's Dance                 Hexes                        3
   e - Dazzling Spray                 Conjuration/Hexes            3
Comestibles
 c - 11 rations


   Skills:
 + Level 5.9 Fighting
 + Level 5.2 Short Blades
 + Level 5.2 Long Blades
 + Level 5.2 Axes
 + Level 5.2 Maces & Flails
 + Level 5.2 Polearms
 + Level 5.2 Staves
 + Level 5.2 Slings
 + Level 5.2 Bows
 + Level 5.2 Crossbows
 + Level 5.2 Throwing
 + Level 5.2 Armour
 + Level 7.0 Dodging
 + Level 5.2 Stealth
 + Level 5.2 Shields
 + Level 8.5 Unarmed Combat
 + Level 7.3 Spellcasting
 + Level 4.3 Conjurations
 + Level 4.3 Hexes
 + Level 4.3 Charms
 + Level 4.3 Summonings
 + Level 4.3 Necromancy
 + Level 4.3 Translocations
 + Level 5.8 Transmutations
 + Level 4.3 Fire Magic
 + Level 4.3 Ice Magic
 + Level 4.3 Air Magic
 + Level 4.3 Earth Magic
 + Level 4.3 Poison Magic
 + Level 5.7 Invocations
 + Level 5.2 Evocations


You had 8 spell levels left.
You knew the following spells:

 Your Spells              Type           Power        Failure   Level  Hunger
e - Beastly Appendage     Tmut           #####.       3%          1    None
h - Blade Hands           Tmut           #####.....   32%         5    #####..
i - Ice Form              Ice/Tmut       #####...     19%         4    ##.....
k - Sticks to Snakes      Tmut           #####...     4%          2    None
p - Spider Form           Tmut/Pois      #####.....   8%          3    None


Dungeon Overview and Level Annotations

Branches:
Dungeon (11/15)            Temple (0/1) D:7
   Lair: D:8-11         Orc: D:9-12

Altars:
Cheibriados
Elyvilon
Uskayaw
Wu Jian
Yredelemnul

Shops:
D:4 }   D:6 (%


Innate Abilities, Weirdness & Mutations

Your experience applies equally to all skills.
((You have very sharp teeth.))
Your uncanny sense of smell can sniff out nearby items.


Message History

You close the door.
You feel agile all of a sudden.
A centaur opens the door.
The centaur shoots an arrow.
The arrow hits you!
* * * LOW HITPOINT WARNING * * *
The centaur shouts!
Unknown command.
Okay, then.
Casting: Blade Hands
Confirm with . or Enter, or press ? or * to list all spells.
You turn into a venomous arachnid creature.
Your +0 pair of gloves melds into your body.
Your +0 pair of boots melds into your body.
Your +0 robe melds into your body.
You feel much better.
The centaur unwields an uncursed shortbow.
The centaur completely misses you.
Unknown command.
You bite the centaur!
The centaur looks as sick as possible!
The centaur is almost dead.
Your magical contamination has completely faded away.
You bite the centaur!
You kill the centaur!
Cheibriados thoroughly appreciates the change of pace.
The centaur wields a shortbow.
The centaur shoots an arrow.
The arrow misses you.
The centaur shoots an arrow.
The arrow barely misses you.
You hit the centaur.
The centaur is poisoned.
The centaur is lightly wounded.
The centaur completely misses you.
You barely miss the centaur.
The centaur is moderately wounded.
The centaur closely misses you.
You hit the centaur but do no damage.
The centaur is moderately wounded.
The centaur completely misses you. The centaur hits you.
* * * LOW HITPOINT WARNING * * *
You maul the centaur!!
You kill the centaur!
Cheibriados appreciates the change of pace.
The centaur shoots an arrow.
The arrow completely misses you.
You bite the centaur!
The centaur is heavily wounded.
The centaur misses you.
You hit the centaur but do no damage.
The centaur is poisoned.
The centaur is heavily wounded.
The centaur closely misses you. The centaur completely misses you.
You hit the centaur.
The centaur looks as sick as possible!
The centaur is almost dead.
You kill the centaur!
Cheibriados thoroughly appreciates the change of pace.
Cheibriados raises the support of your attributes as your movement slows.
The centaur shoots an arrow.
The arrow barely misses you.
The centaur shoots an arrow.
The arrow closely misses you.
The centaur wields a shortbow.
The centaur shoots an arrow.
The arrow completely misses you.
The centaur shoots an arrow.
The arrow completely misses you.
The centaur shoots an arrow.
The arrow completely misses you.
The centaur shoots an arrow.
The arrow completely misses you.
The centaur shoots an arrow.
The arrow completely misses you.
The centaur shoots an arrow.
The arrow closely misses you.
The centaur shoots an arrow.
The arrow misses you.
The centaur shoots an arrow.
The arrow hits you.
* * * LOW HITPOINT WARNING * * *
The centaur shoots an arrow.
The arrow hits you!
* * * LOW HITPOINT WARNING * * *
You see here 3 arrows.
The centaur shoots an arrow.
The arrow completely misses you.
The centaur shoots an arrow.
The arrow completely misses you.
The centaur shoots an arrow.
The arrow hits you.
* * * LOW HITPOINT WARNING * * *
You see here 11 arrows.
You hit the centaur.
The centaur is poisoned.
The centaur is lightly wounded.
The centaur unwields an uncursed shortbow.
The centaur completely misses you.
You closely miss the centaur.
The centaur is lightly wounded.
The centaur hits you!
* * * LOW HITPOINT WARNING * * *
You bite the centaur!
The centaur is severely wounded.
The centaur barely misses you. The centaur completely misses you.
You bite the centaur!
You kill the centaur!
Cheibriados thoroughly appreciates the change of pace.
The centaur shoots an arrow.
The arrow misses you.
You hit the centaur.
The centaur is poisoned.
The centaur is lightly wounded.
The centaur unwields an uncursed shortbow.
The centaur misses you.
You hit the centaur.
The centaur looks as sick as possible!
The centaur is moderately wounded.
The centaur completely misses you. The centaur misses you.
You hit the centaur.
The centaur looks as sick as possible!
The centaur is severely wounded.
The centaur barely misses you.
You bite the centaur!
You kill the centaur!
Cheibriados thoroughly appreciates the change of pace.
The centaur shoots an arrow.
The arrow hits you!
You die...

#..#
#..........#
#.##
#..........#
#.
#..........#
#.
#......(...#
..
#######'####
.# #.# . #.#
#(# #s# #)#
∆ .c. .....
.......
.........
..........#
...........#


You could see a centaur.

Vanquished Creatures
  An unseen horror (D:10)
  A cyclops (D:10)
  2 hippogriffs (D:10)
  A hungry ghost (D:10)
  2 orc warriors (D:9)
  2 black bears (D:10)
  2 ice beasts
  An eye of draining (D:10)
  An ogre (D:8)
  A phantom (D:10)
  The ghost of Mirai the Skirmisher, an amateur DsFi (D:3)
  6 centaurs
  2 big kobolds
  3 bullfrogs
  A water moccasin zombie (D:9)
  A water moccasin skeleton (D:8)
  7 killer bees
  6 wights (D:10)
  3 howler monkeys
  A crimson imp (D:10)
  A bullfrog zombie (D:6)
  2 centaur zombies (D:6)
  A gnoll shaman (D:8)
  2 hounds (D:10)
  A jelly (D:5)
  2 orc priests (D:4)
  A bullfrog skeleton (D:10)
  A centaur skeleton (D:4)
  3 iguanas
  5 worker ants
  2 orc wizards
  A hound skeleton (D:11)
  A worker ant zombie (D:7)
  4 adders
  7 gnolls
  4 worms (D:2)
  A dart slug (D:4)
  A leopard gecko (D:10)
  16 orcs
  2 ball pythons
  2 bats
  A giant cockroach (D:3)
  7 hobgoblins
  12 jackals
  A quokka (D:10)
  7 frilled lizards
  5 goblins
  10 kobolds
  2 leopard gecko skeletons
  A quokka skeleton (D:2)
  5 rats
156 creatures vanquished.

Vanquished Creatures (collateral kills)
  An ice beast (D:6)
  A bullfrog (D:10)
  A killer bee (D:6)
  A wight (D:10)
  2 crimson imps
  A hound (D:7)
  An iguana (D:5)
  An adder (D:2)
  A shadow imp (D:10)
  An adder skeleton (D:7)
  An orc (D:4)
  A hobgoblin (D:1)
  4 jackals (D:1)
  2 frilled lizards
19 creatures vanquished.

Vanquished Creatures (others)
  A wight (D:10)
  A killer bee (D:10)
2 creatures vanquished.

Grand Total: 177 creatures vanquished

Notes
Turn   | Place    | Note
-------+----------+-------------------------------------------
     0 | D:1      | tidbits the Gnoll Transmuter began the quest for the Orb.
     0 | D:1      | Reached XP level 1. HP: 17/17 MP: 6/6
   115 | D:1      | Reached XP level 2. HP: 13/23 MP: 7/7
   123 | D:1      | Learned a level 2 spell: Sticks to Snakes
   306 | D:2      | Reached XP level 3. HP: 14/28 MP: 7/9
   316 | D:1      | Learned a level 3 spell: Spider Form
   324 | D:2      | Reached skill level 5 in Spellcasting
   497 | D:2      | Reached skill level 1 in Invocations
   540 | D:3      | Noticed Mirai's ghost (amateur DsFi)
   566 | D:2      | Reached skill level 1 in Short Blades
   566 | D:2      | Reached skill level 1 in Long Blades
   566 | D:2      | Reached skill level 1 in Axes
   566 | D:2      | Reached skill level 1 in Maces & Flails
   566 | D:2      | Reached skill level 1 in Polearms
   566 | D:2      | Reached skill level 1 in Staves
   566 | D:2      | Reached skill level 1 in Slings
   566 | D:2      | Reached skill level 1 in Bows
   566 | D:2      | Reached skill level 1 in Crossbows
   566 | D:2      | Reached skill level 1 in Throwing
   566 | D:2      | Reached skill level 1 in Armour
   566 | D:2      | Reached skill level 1 in Stealth
   566 | D:2      | Reached skill level 1 in Shields
   566 | D:2      | Reached skill level 1 in Evocations
   573 | D:2      | Reached XP level 4. HP: 13/34 MP: 2/11
   769 | D:3      | Found a basalt altar of Yredelemnul.
   828 | D:3      | Killed Mirai's ghost
   828 | D:3      | Reached skill level 3 in Fighting
   828 | D:3      | Reached skill level 1 in Conjurations
   828 | D:3      | Reached skill level 1 in Hexes
   828 | D:3      | Reached skill level 1 in Charms
   828 | D:3      | Reached skill level 1 in Summonings
   828 | D:3      | Reached skill level 1 in Necromancy
   828 | D:3      | Reached skill level 1 in Translocations
   828 | D:3      | Reached skill level 1 in Fire Magic
   828 | D:3      | Reached skill level 1 in Ice Magic
   828 | D:3      | Reached skill level 1 in Air Magic
   828 | D:3      | Reached skill level 1 in Earth Magic
   828 | D:3      | Reached skill level 1 in Poison Magic
   828 | D:3      | Reached XP level 5. HP: 19/41 MP: 2/12
   853 | D:4      | Reached skill level 4 in Transmutations
   934 | D:4      | Reached skill level 2 in Invocations
   934 | D:4      | Reached XP level 6. HP: 29/47 MP: 2/13
  1072 | D:4      | Reached skill level 2 in Short Blades
  1072 | D:4      | Reached skill level 2 in Long Blades
  1072 | D:4      | Reached skill level 2 in Axes
  1072 | D:4      | Reached skill level 2 in Maces & Flails
  1072 | D:4      | Reached skill level 2 in Polearms
  1072 | D:4      | Reached skill level 2 in Staves
  1072 | D:4      | Reached skill level 2 in Slings
  1072 | D:4      | Reached skill level 2 in Bows
  1072 | D:4      | Reached skill level 2 in Crossbows
  1072 | D:4      | Reached skill level 2 in Throwing
  1072 | D:4      | Reached skill level 2 in Armour
  1072 | D:4      | Reached skill level 5 in Dodging
  1072 | D:4      | Reached skill level 2 in Stealth
  1072 | D:4      | Reached skill level 2 in Shields
  1072 | D:4      | Reached skill level 2 in Evocations
  1105 | D:4      | Found Xisuxt's Gadget Boutique.
  1156 | D:5      | Entered Level 5 of the Dungeon
  1245 | D:6      | Found an ornate altar of the Wu Jian Council.
  1254 | D:6      | Reached XP level 7. HP: 52/52 MP: 11/15
  1267 | D:6      | Reached skill level 7 in Unarmed Combat
  1296 | D:6      | Found Got Fuaq's Antique Weapon Shop.
  1370 | D:7      | Found a snail-covered altar of Cheibriados.
  1371 | D:7      | Found a staircase to the Ecumenical Temple.
  1375 | D:7      | Became a worshipper of Cheibriados the Contemplative
  1451 | D:6      | Reached skill level 2 in Conjurations
  1451 | D:6      | Reached skill level 2 in Hexes
  1451 | D:6      | Reached skill level 2 in Charms
  1451 | D:6      | Reached skill level 2 in Summonings
  1451 | D:6      | Reached skill level 2 in Necromancy
  1451 | D:6      | Reached skill level 2 in Translocations
  1451 | D:6      | Reached skill level 2 in Fire Magic
  1451 | D:6      | Reached skill level 2 in Ice Magic
  1451 | D:6      | Reached skill level 2 in Air Magic
  1451 | D:6      | Reached skill level 2 in Earth Magic
  1451 | D:6      | Reached skill level 2 in Poison Magic
  1470 | D:6      | Reached skill level 3 in Invocations
  1488 | D:6      | Reached XP level 8. HP: 41/60 MP: 6/16
  1502 | D:6      | Found a hide-covered altar of Uskayaw.
  1506 | D:6      | Noticed a hand axe
  1507 | D:6      | Noticed a dagger
  1530 | D:6      | Found Hafoco Nefub's Food Emporium.
  1576 | D:5      | Reached skill level 4 in Fighting
  1618 | D:5      | Reached skill level 3 in Short Blades
  1618 | D:5      | Reached skill level 3 in Long Blades
  1618 | D:5      | Reached skill level 3 in Axes
  1618 | D:5      | Reached skill level 3 in Maces & Flails
  1618 | D:5      | Reached skill level 3 in Polearms
  1618 | D:5      | Reached skill level 3 in Staves
  1618 | D:5      | Reached skill level 3 in Slings
  1618 | D:5      | Reached skill level 3 in Bows
  1618 | D:5      | Reached skill level 3 in Crossbows
  1618 | D:5      | Reached skill level 3 in Throwing
  1618 | D:5      | Reached skill level 3 in Armour
  1618 | D:5      | Reached skill level 3 in Stealth
  1618 | D:5      | Reached skill level 3 in Shields
  1618 | D:5      | Reached skill level 3 in Evocations
  1762 | D:6      | Learned a level 4 spell: Ice Form
  1774 | D:7      | Reached * piety under Cheibriados
  1843 | D:7      | Reached skill level 6 in Spellcasting
  2031 | D:10     | Entered Level 10 of the Dungeon
  2052 | D:9      | Reached skill level 4 in Invocations
  2108 | D:9      | Reached skill level 3 in Conjurations
  2108 | D:9      | Reached skill level 3 in Hexes
  2108 | D:9      | Reached skill level 3 in Charms
  2108 | D:9      | Reached skill level 3 in Summonings
  2108 | D:9      | Reached skill level 3 in Necromancy
  2108 | D:9      | Reached skill level 3 in Translocations
  2108 | D:9      | Reached skill level 3 in Fire Magic
  2108 | D:9      | Reached skill level 3 in Ice Magic
  2108 | D:9      | Reached skill level 3 in Air Magic
  2108 | D:9      | Reached skill level 3 in Earth Magic
  2108 | D:9      | Reached skill level 3 in Poison Magic
  2111 | D:9      | Reached XP level 9. HP: 58/66 MP: 10/18
  2119 | D:9      | Reached skill level 6 in Dodging
  2119 | D:9      | Reached skill level 5 in Transmutations
  2146 | D:9      | Found a white marble altar of Elyvilon.
  2248 | D:10     | Reached ** piety under Cheibriados
  2256 | D:10     | Reached skill level 4 in Short Blades
  2256 | D:10     | Reached skill level 4 in Long Blades
  2256 | D:10     | Reached skill level 4 in Axes
  2256 | D:10     | Reached skill level 4 in Maces & Flails
  2256 | D:10     | Reached skill level 4 in Polearms
  2256 | D:10     | Reached skill level 4 in Staves
  2256 | D:10     | Reached skill level 4 in Slings
  2256 | D:10     | Reached skill level 4 in Bows
  2256 | D:10     | Reached skill level 4 in Crossbows
  2256 | D:10     | Reached skill level 4 in Throwing
  2256 | D:10     | Reached skill level 4 in Armour
  2256 | D:10     | Reached skill level 4 in Stealth
  2256 | D:10     | Reached skill level 4 in Shields
  2256 | D:10     | Reached skill level 4 in Evocations
  2275 | D:10     | Reached skill level 5 in Fighting
  2281 | D:10     | HP: 3/81 [wight/dire flail of freezing (10)]
  2322 | D:10     | Noticed a cyclops
  2343 | D:10     | Reached skill level 8 in Unarmed Combat
  2351 | D:10     | Killed a cyclops
  2351 | D:10     | Reached skill level 5 in Invocations
  2362 | D:10     | Learned a level 5 spell: Blade Hands
  2375 | D:10     | Reached *** piety under Cheibriados
  2415 | D:10     | Reached XP level 10. HP: 45/74 MP: 14/20
  2418 | D:10     | Reached skill level 7 in Spellcasting
  2437 | D:10     | Reached skill level 4 in Conjurations
  2437 | D:10     | Reached skill level 4 in Hexes
  2437 | D:10     | Reached skill level 4 in Charms
  2437 | D:10     | Reached skill level 4 in Summonings
  2437 | D:10     | Reached skill level 4 in Necromancy
  2437 | D:10     | Reached skill level 4 in Translocations
  2437 | D:10     | Reached skill level 4 in Fire Magic
  2437 | D:10     | Reached skill level 4 in Ice Magic
  2437 | D:10     | Reached skill level 4 in Air Magic
  2437 | D:10     | Reached skill level 4 in Earth Magic
  2437 | D:10     | Reached skill level 4 in Poison Magic
  2513 | D:10     | Reached skill level 5 in Short Blades
  2513 | D:10     | Reached skill level 5 in Long Blades
  2513 | D:10     | Reached skill level 5 in Axes
  2513 | D:10     | Reached skill level 5 in Maces & Flails
  2513 | D:10     | Reached skill level 5 in Polearms
  2513 | D:10     | Reached skill level 5 in Staves
  2513 | D:10     | Reached skill level 5 in Slings
  2513 | D:10     | Reached skill level 5 in Bows
  2513 | D:10     | Reached skill level 5 in Crossbows
  2513 | D:10     | Reached skill level 5 in Throwing
  2513 | D:10     | Reached skill level 5 in Armour
  2513 | D:10     | Reached skill level 5 in Stealth
  2513 | D:10     | Reached skill level 5 in Shields
  2513 | D:10     | Reached skill level 5 in Evocations
  2571 | D:10     | Killed an unseen horror
  2663 | D:11     | Reached skill level 7 in Dodging
  2679 | D:11     | HP: 7/76 [centaur/arrow (16)]
  2694 | D:11     | HP: 4/76 [centaur (8)]
  2700 | D:11     | Shot with an arrow by a centaur

Skill      XL: |  1  2  3  4  5  6  7  8  9 10 |
---------------+-------------------------------+-----
Spellcasting   | 5 6 7 |  7.3
Invocations    | 1 2 3 4 5 |  5.7
Short Blades   | 1 2 3 4 5 |  5.2
Long Blades    | 1 2 3 4 5 |  5.2
Axes           | 1 2 3 4 5 |  5.2
Maces & Flails | 1 2 3 4 5 |  5.2
Polearms       | 1 2 3 4 5 |  5.2
Staves         | 1 2 3 4 5 |  5.2
Slings         | 1 2 3 4 5 |  5.2
Bows           | 1 2 3 4 5 |  5.2
Crossbows      | 1 2 3 4 5 |  5.2
Throwing       | 1 2 3 4 5 |  5.2
Armour         | 1 2 3 4 5 |  5.2
Stealth        | 1 2 3 4 5 |  5.2
Shields        | 1 2 3 4 5 |  5.2
Evocations     | 1 2 3 4 5 |  5.2
Fighting       | 3 4 5 |  5.9
Conjurations   | 1 2 3 4 |  4.3
Hexes          | 1 2 3 4 |  4.3
Charms         | 1 2 3 4 |  4.3
Summonings     | 1 2 3 4 |  4.3
Necromancy     | 1 2 3 4 |  4.3
Translocations | 1 2 3 4 |  4.3
Fire Magic     | 1 2 3 4 |  4.3
Ice Magic      | 1 2 3 4 |  4.3
Air Magic      | 1 2 3 4 |  4.3
Earth Magic    | 1 2 3 4 |  4.3
Poison Magic   | 1 2 3 4 |  4.3
Transmutations | 4 5 |  5.8
Dodging        | 5 6 7 |  7.0
Unarmed Combat | 7 8 |  8.5

Action                   |  1- 3 |  4- 6 |  7- 9 | 10-12 || total
-------------------------+-------+-------+-------+-------++-------
Melee: Unarmed           |    74 |   109 |   199 |    43 ||   425
       Headbutt          |     4 |     2 |       |       ||     6
       Bite              |     2 |       |     2 |     1 ||     5
       Kick              |     1 |       |       |       ||     1
       Punch             |       |       |     1 |     2 ||     3
Throw: Javelin           |       |       |     2 |       ||     2
 Cast: Beastly Appendage |    13 |     1 |       |       ||    14
       Sticks to Snakes  |     5 |     5 |    23 |     4 ||    37
       Spider Form       |     3 |    16 |    16 |     2 ||    37
       Ice Form          |       |       |     5 |       ||     5
       Blade Hands       |       |       |     2 |     5 ||     7
 Abil: End Transformatio |       |     1 |     3 |       ||     4
Evoke: Wand              |       |     3 |     2 |       ||     5
  Use: Potion            |     3 |     1 |     5 |     2 ||    11
       Scroll            |       |     3 |    10 |       ||    13
 Stab: Sleeping          |     2 |     2 |     4 |       ||     8
       Distracted        |       |     1 |     2 |     2 ||     5
       Invisible         |       |       |     3 |       ||     3
  Eat: Chunk             |       |     3 |     1 |     2 ||     6
       Ration            |       |       |     1 |       ||     1
Armor: Robe              |     6 |       |     2 |     3 ||    11
       Skin              |       |     1 |    14 |       ||    15
Dodge: Dodged            |    52 |    70 |   168 |    47 ||   337

Table legend:
 A = Turns spent in this place as a percentage of turns spent in the entire game.
 B = Non-inter-level travel turns spent in this place as a percentage of non-inter-level travel turns spent in the entire game.
 C = Inter-level travel turns spent in this place as a percentage of turns spent in this place.
 D = Turns resting spent in this place as a percentage of non-inter-level travel turns spent in this place.
 E = Turns spent auto-exploring this place as a percentage of non-inter-level travel turns spent in this place.
 F = Non-inter-level travel turns spent in this place divided by the number of levels of this place that you've seen.
                   A       B       C       D       E      F
               +-------+-------+-------+-------+-------+----------------------
         Total | 100.0 | 100.0 |   0.0 |   0.0 |   0.0 | 245.5
       Dungeon | 100.0 | 100.0 |   0.0 |   0.0 |   0.0 | 245.5
               +-------+-------+-------+-------+-------+----------------------

Table legend:
 A = Kills in this place as a percentage of kills in entire the game.
 B = Kills by you in this place as a percentage of kills by you in the entire game.
 C = Kills by friends in this place as a percentage of kills by friends in the entire game.
 D = Other kills in this place as a percentage of other kills in the entire game.
 E = Experience gained in this place as a percentage of experience gained in the entire game.
 F = Experience gained in this place divided by the number of levels of this place that you have seen.
                   A       B       C       D       E      F
               +-------+-------+-------+-------+-------+----------------------
         Total | 100.0 | 100.0 | 100.0 |   N/A | 100.0 | 631.1
       Dungeon | 100.0 | 100.0 | 100.0 |   N/A | 100.0 | 631.1
               +-------+-------+-------+-------+-------+----------------------

Vault maps used:
D:1:      dpeg_cavernosity, minmay_misc_feat_ornament
D:2:      first_ration
D:3:      old_standard_altar
D:4:      serial_shops, kennysheep_mini, uniq_ijyb
D:6:      old_standard_altar, dancing_weapons_uskayaw, serial_shops,
          nicolae_shop_waterfront, shop, kennysheep_minor_cross
D:7:      cheibriados_altar_1, nicolae_dithmenos_through_a_glass_darkly,
          minmay_temple_entry_large_hall, kennysheep_generic_room_11
D:9:      elyvilon_altar_3, david_lair_generic
D:10:     minmay_ornate_pinched
D:11:     enter_trove_1, uniq_josephine, uniq_gastronok
